 Dungeon Crawl Stone Soup version 0.30.1-11-g7821555f0a (webtiles) character file.

Game seed: 5074553550434271098

219 cdecastro the Slasher (level 5, -2/43 HPs)
             Began as an Armataur Warper on Jan 9, 2024.
             Killed by nerve-wracking pain
             ... invoked by an orc priest
              (12 damage)
             ... on level 3 of the Dungeon.
             The game lasted 00:06:27 (3108 turns).

cdecastro the Slasher (Armataur Warper)             Turns: 3108, Time: 00:06:27

Health: -2/43      AC:  8    Str: 18    XL:     5   Next: 64%
Magic:  7/7        EV:  5    Int: 14    God:
Gold:   255        SH:  0    Dex:  9    Spells: 7/7 levels left

rFire   . . .        m - +0 long sword
rCold   . . .        (no shield)
rNeg    . . .        l - +0 chain mail
rPois   .            j - +0 helmet
rElec   .            (no cloak)
rCorr   .            (no gloves)
SInv    .            (no barding)
Will    .....        (no amulet) Stlth
                     (no ring)
HPRegen 0.27/turn    (no ring)
MPRegen 0.10/turn

%: roll
@: no status effects
A: large, rugged brown scales 3, deformed body, armoured tail, roll, long
tongue, awkward tongue
a: no special abilities


You were on level 3 of the Dungeon.
You visited 1 branch of the dungeon, and saw 4 of its levels.

You collected 255 gold pieces.

Inventory:

Hand Weapons
 a - a +0 mace
 m - a +0 long sword (weapon)
Missiles
 d - 7 boomerangs of dispersal (quivered)
 g - 6 poisoned darts
 u - 3 silver javelins
Armour
 j - a +0 helmet (worn)
 l - a +0 chain mail (worn)
Jewellery
 t - a ring of fire
Scrolls
 h - a scroll of teleportation {unknown}
 i - a scroll of poison {unknown}
 k - 3 scrolls of identify {unknown}
 n - a scroll of silence {unknown}
 o - a scroll of noise {unknown}
 q - a scroll of summoning {unknown}
Potions
 b - 4 potions of curing {unknown}
 e - 2 potions of brilliance {unknown}
 f - a potion of flight {unknown}
 p - 2 potions of haste {unknown}
 r - a potion of might {unknown}
 s - a potion of berserk rage {unknown}


   Skills:
 - Level 2.1 Fighting
 * Level 4.2 Long Blades
 - Level 2.8 Maces & Flails
 - Level 0.8 Throwing
 - Level 1.2 Armour
 - Level 1.3 Dodging
 - Level 1.7 Spellcasting
 - Level 3.0 Translocations


You had 7 spell levels left.
You didn't know any spells.
Your spell library contained the following spells:

 Spells                   Type           Power      Damage    Failure   Level
 Blink                    Tloc           18%        N/A       73%         2
 Lesser Beckoning         Tloc           18%        N/A       73%         2
 Teleport Other           Tloc           9%         N/A       91%         3
 Vhi's Electric Charge    Tloc/Air       10%        N/A       99%         3
 Manifold Assault         Tloc           9%         N/A       100%        4


Dungeon Overview and Level Annotations

Branches:
Dungeon (4/15)             Temple (0/1) D:4

Altars:

Shops:
D:1 (

Annotations:
D:3 Sigmund


Innate Abilities, Weirdness & Mutations

You are completely covered in rugged brown scales. (AC +3, +7% HP)
Armour fits poorly on your strangely shaped body.
You have a long armoured tail.
You roll when moving toward enemies. (Rampage)
Your long tongue fully drains potion bottles. (2x potion effects)
Your tongue gives you trouble enunciating. (1.5x scroll delay)


Message History

The orc priest miscasts a cantrip.
You climb upwards.
Level annotation: Sigmund
There is a stone staircase leading down, spattered with blood here.
You start resting.
HP restored.
You climb downwards.
The orc priest hits you but does no damage.
The orc priest hits you with a +0 short sword.
There is a stone staircase leading up, spattered with blood here.
HP restored.
The orc priest invokes the aid of Beogh against you.
Pain shoots through your body!
You climb upwards.
Level annotation: Sigmund
There is a stone staircase leading down, spattered with blood here.
Unknown command.
You hit the orc priest. You tail-slap the orc priest.
The orc priest is heavily wounded.
The orc priest invokes the aid of Beogh against you.
Pain shoots through your body!
You hit the orc priest but do no damage.
Your tail-slap misses the orc priest.
The orc priest is heavily wounded.
The orc priest hits you but does no damage.
You barely miss the orc priest.
The orc priest is heavily wounded.
The orc priest hits you with a +0 short sword.
The orc priest calls down the wrath of Beogh upon you.
Beogh smites you!
You hit the orc priest but do no damage.
The orc priest is heavily wounded.
The orc priest mumbles some strange prayers to Beogh against you.
Beogh smites you!
* * * LOW HITPOINT WARNING * * *
You barely miss the orc priest.
The orc priest is heavily wounded.
The orc priest invokes the aid of Beogh against you.
Pain shoots through your body!
You die...

## ##.## ### #...##
# .########.#
####.### #..## ##
........).#
#...#..####)#.#####.
.##########
#..###.#...###..)...
## ##.##
##.....#...#.#. #.##
##.....#[.#.## ##.##
##...#..#..#.##
#.o###.#..#.....#.##
#..@#..#........#.##
###..###..[.....#...
#.## ####.....####
#.# #.....# #.#
#.....# #.# #...<.#
#.## #######
###..#### #.......#
#######


You could see an orc priest.

Vanquished Creatures
  A scorpion (D:4)
  2 orc wizards
  4 gnolls
  An adder (D:4)
  A worm (D:3)
  4 orcs
  5 endoplasms
  4 giant cockroaches
  3 goblins
  4 hobgoblins
  3 jackals (D:1)
  2 quokkas
  4 ball pythons
  10 bats
  A frilled lizard (D:2)
  7 kobolds
  6 rats
62 creatures vanquished.

Notes
Turn   | Place    | Note
-------+----------+-------------------------------------------
     0 | D:1      | cdecastro the Armataur Warper began the quest for the Orb.
     0 | D:1      | Reached XP level 1. HP: 18/18 MP: 3/3
   132 | D:1      | Reached XP level 2. HP: 24/25 MP: 4/4
   317 | D:1      | Found Paxter's Weapon Emporium.
   907 | D:2      | Reached XP level 3. HP: 31/31 MP: 5/5
  1354 | D:3      | Reached skill level 1 in Long Blades
  1514 | D:3      | Noticed Sigmund
  1668 | D:2      | Reached skill level 2 in Long Blades
  1762 | D:2      | Reached XP level 4. HP: 38/38 MP: 6/6
  2112 | D:3      | Reached skill level 3 in Long Blades
  2469 | D:4      | Reached XP level 5. HP: 40/43 MP: 7/7
  2544 | D:4      | Reached skill level 4 in Long Blades
  2854 | D:4      | Found a staircase to the Ecumenical Temple.
  3108 | D:3      | Killed from afar by an orc priest

Illustrated notes

Levels and vault maps discovered:
D:1:      dpeg_arrival_rooms_c, layout_rooms, serial_shops, shop_coins,
          minmay_pentomino_s2
D:2:      layout_loops_ring
D:3:      layout_loops_cross, uniq_sigmund
D:4:      layout_basic, nemelex_xobeh_ov_fountains_minmay,
          minmay_temple_entry_butterflies, minivault_14

Skill      XL: |  1  2  3  4  5 |
---------------+----------------+-----
Maces & Flails | 2 |  2.8
Fighting       | 2 |  2.1
Long Blades    | 2 3 4 |  4.2
Throwing       | |  0.8
Armour         | |  1.2
Dodging        | |  1.3
Spellcasting   | |  1.7
Translocations | |  3.0

Action                     |  1- 3 |  4- 6 || total
---------------------------+-------+-------++-------
  Melee: Mace              |    77 |       ||    77
         Long sword        |    48 |   106 ||   154
         Tailslap          |     8 |    14 ||    22
         Punch             |     2 |     2 ||     4
    Use: Scroll            |       |     1 ||     1
 Armour: Leather armour    |    59 |       ||    59
         Chain mail        |    38 |    61 ||    99
  Dodge: Dodged            |    63 |    31 ||    94
